General information
- name: 1v1 obs TR #4
- type: Custom game
- host: snarker
- saver: TIMG4STRok
map: TurtleRock
- players: 12
- length: 15:48
- speed: Fast
- version: 1.21 W3XP
- replay type:

» download(78 KB)
Players
team 1 (loser)

»
K-Game.Phoenix. (
pink | 175 APM | 2758 actions | 15:46)
4 Blademaster
2 Wind Walk
2 Critical Strike
3 Shadow Hunter
1 Hex
2 Healing Wave
» actions
| Assign group hotkey | 143 | |
| Basic commands | 15 | |
| Build / train | 67 | |
| ESC pressed | 4 | |
| Enter build submenu | 15 | |
| Enter hero's abilities submenu | 7 | |
| Give item / drop item | 5 | |
| Right click | 1411 | |
| Select / deselect | 402 | |
| Select group hotkey | 573 | |
| Use ability | 116 | |
2758 total
» units
| Peon | 8 | |
| Grunt | 7 | |
| Raider | 6 | |
| Spirit Walker | 3 | |
| Demolisher | 3 | |
27 total
» upgrades
| Berserker Strength | 1 | |
| Ensnare | 1 | |
| Armor | 1 | |
| Spirit Walker Training | 1 | |
4 total
» buildings
| Altar of Storms | 1 | |
| Orc Burrow | 5 | |
| Barracks | 3 | |
| Voodoo Lounge | 1 | |
| Stronghold | 1 | |
| Beastiary | 1 | |
| War Mill | 1 | |
| Spirit Lodge | 1 | |
14 total
» build order
00:05 Altar of Storms
00:19 Orc Burrow
00:35 Barracks
01:42 Orc Burrow
02:01 Voodoo Lounge
03:17 Stronghold
04:03 Orc Burrow
05:57 Beastiary
06:20 War Mill
08:00 Spirit Lodge
08:29 Orc Burrow
12:22 Orc Burrow
13:31 Barracks
14:25 Barracks
» items
| Boots of Speed | 4 | |
| Healing Salve | 4 | |
| Lesser Clarity Potion | 6 | |
| Potion of Healing | 4 | |
| Scroll of Speed | 1 | |
19 total
team 2 (winner)
SsoK)0dyssey (
orange | 189 APM | 2993 actions | 15:47)
1 Far Seer
1 Feral Spirit
2 Firelord
1 Summon Lava Spawn
1 Soul Burn
» actions
| Assign group hotkey | 43 | |
| Basic commands | 324 | |
| Build / train | 64 | |
| ESC pressed | 1 | |
| Enter build submenu | 18 | |
| Enter hero's abilities submenu | 3 | |
| Right click | 778 | |
| Select / deselect | 299 | |
| Select group hotkey | 1353 | |
| Use ability | 110 | |
2993 total
» units
| Peon | 11 | |
| Grunt | 8 | |
| Raider | 12 | |
| Spirit Walker | 3 | |
| Demolisher | 2 | |
36 total
» upgrades
| Berserker Strength | 1 | |
| Ensnare | 1 | |
| Spirit Walker Training | 1 | |
3 total
» buildings
| Altar of Storms | 1 | |
| Orc Burrow | 4 | |
| Barracks | 1 | |
| Voodoo Lounge | 1 | |
| Stronghold | 2 | |
| Beastiary | 1 | |
| Spirit Lodge | 1 | |
| War Mill | 1 | |
| Watch Tower | 7 | |
19 total
» build order
00:06 Altar of Storms
00:16 Orc Burrow
00:37 Barracks
01:32 Orc Burrow
02:04 Voodoo Lounge
02:49 Stronghold
02:50 Stronghold
03:47 Orc Burrow
05:49 Beastiary
06:12 Spirit Lodge
06:15 Orc Burrow
06:25 War Mill
09:10 Watch Tower
09:16 Watch Tower
09:52 Watch Tower
10:48 Watch Tower
11:01 Watch Tower
12:14 Watch Tower
14:01 Watch Tower
» items
| Healing Salve | 3 | |
| Scroll of Speed | 1 | |
| Boots of Speed | 1 | |
| Dust of Appearance | 1 | |
| Lesser Clarity Potion | 3 | |
| Potion of Healing | 2 | |
11 total
observerssnarker,
TIMG4STRok,
InfernalCry,
RaCisT_cOmMy,
lamps,
noobshuntaa,
e(d,
prchmnky4lf,
ring-of-element,
MpU]Lucifer Chat log
(00:00) InfernalCry: yssey fighting!!!0dyssey fighting!!!
(00:03 / All) SsoK)0dyssey: gl hf
(00:05 / Observers) RaCisT_cOmMy: hah
(00:07 / Observers) InfernalCry: lucifer whats his real name?
(00:08 / Observers) RaCisT_cOmMy: look at positions
(00:09 / All) K-Game.Phoenix.: -.-
(00:10 / All) SsoK)0dyssey: u got ud?
(00:12 / Observers) MpU]Lucifer: evan
(00:14 / All) SsoK)0dyssey: - -
(00:21 / Observers) InfernalCry: what were u spamming?
(00:23 / Observers) MpU]Lucifer: jae evan fighting!!
(00:26 / Observers) InfernalCry: oh
(00:27 / Observers) InfernalCry: 0dyssey fighting!!!
(00:28 / All) SsoK)0dyssey: kk take back gl and hf
(00:31 / Observers) InfernalCry: 0dyssey fighting!!!
(00:32 / Observers) InfernalCry: 0dyssey fighting!!!
(00:36 / Observers) RaCisT_cOmMy: hey luci
(00:39 / Observers) MpU]Lucifer: sup
(00:45 / All) SsoK)0dyssey: so..
(00:46 / All) K-Game.Phoenix.: you make me waste my time playing a different race because you whine
(00:47 / Observers) prchmnky4lf: hes talking to himself o.o
(00:49 / All) K-Game.Phoenix.: about ud vs orc ?
(00:49 / All) K-Game.Phoenix.: lol...
(00:52 / All) K-Game.Phoenix.: why would i speak to a noob like you
(00:58 / Observers) prchmnky4lf: o.o
(00:59 / All) SsoK)0dyssey: i make you do nothing
(01:02 / All) SsoK)0dyssey: you can play what u want
(01:05 / All) SsoK)0dyssey: but i can still talk
(01:13 / All) SsoK)0dyssey: if i say
(01:18 / All) SsoK)0dyssey: i dont like how you so ahdnoms
(01:21 / All) SsoK)0dyssey: you become ugly?
(01:30 / Observers) MpU]Lucifer: type much?
(01:40 / Observers) InfernalCry: phoenix is SOOOO BM
(01:56 / Observers) MpU]Lucifer: phoenix is so getting tower pushed
(01:57 / Observers) MpU]Lucifer: o0
(02:11 / Observers) prchmnky4lf: doubt it
(02:15 / Observers) MpU]Lucifer: why?
(02:18 / Observers) MpU]Lucifer: >.>
(02:27 / Observers) prchmnky4lf: tir2 push?
(02:30 / Observers) MpU]Lucifer: ya
(02:47 / Observers) prchmnky4lf: go kill shop plz
(03:29 / Observers) prchmnky4lf: should of left units in base
(03:31 / Observers) prchmnky4lf: while he runs
(04:22 / Observers) prchmnky4lf: o.o
(04:23 / All) SsoK)0dyssey: ggc tabbved me lol
(04:41 / Observers) MpU]Lucifer: curse ye ggc!
(04:44 / All) K-Game.Phoenix.: /caressss
(04:50 / All) SsoK)0dyssey: /squelch ssok)0dyssey
(05:07 / Observers) InfernalCry: d
(05:09 / Observers) InfernalCry: yay
(05:55 / Observers) MpU]Lucifer: evan sucking just as bad as me today
(05:55 / Observers) MpU]Lucifer: xD
(06:02 / Observers) MpU]Lucifer: owned adam
(06:10 / Observers) prchmnky4lf: ><
(06:11 / Observers) MpU]Lucifer: jk
(06:14 / Observers) prchmnky4lf: no mill
(06:15 / Observers) MpU]Lucifer: no mill
(06:15 / Observers) MpU]Lucifer: zz
(06:18 / Observers) InfernalCry: lucifer u wanna play this guy for fun?
(06:21 / Observers) InfernalCry: eurobeat-
(06:26 / Observers) MpU]Lucifer: who is he
(06:30 / Observers) InfernalCry: hes asking ppl in vent for solo
(06:34 / Observers) InfernalCry: some guy from infc
(06:44 / Observers) InfernalCry: he won the last random solo tourny
(06:47 / Observers) prchmnky4lf: lol
(06:53 / Observers) InfernalCry: hes decent
(06:54 / Observers) MpU]Lucifer: >.>
(06:59 / Observers) InfernalCry: i bet him with tinker trush
(07:02 / Observers) InfernalCry: beat*
(07:05 / Observers) MpU]Lucifer: lol
(07:11 / Observers) prchmnky4lf: now he makes war mill. . .
(07:14 / Observers) prchmnky4lf: gg
(07:30 / Observers) InfernalCry: u aka mnky?
(07:37 / Observers) prchmnky4lf: grubby
(07:44 / Observers) InfernalCry: mpu]mnky?
(07:50 / Observers) TIMG4STRok: shouldve killed altar
(07:51 / Observers) MpU]Lucifer: evan so dumb
(07:52 / Observers) InfernalCry: or just some random guy
(07:53 / Observers) TIMG4STRok: was down to 70 hp
(07:53 / Observers) MpU]Lucifer: =_=
(07:56 / Observers) prchmnky4lf: mym]grubby
(08:03 / Observers) InfernalCry: luci is that mnky?
(08:08 / Observers) prchmnky4lf: >.>
(08:09 / Observers) MpU]Lucifer: ya
(08:11 / Observers) prchmnky4lf: ><
(08:15 / Observers) InfernalCry: i beat him with tinker too ^^
(08:20 / Observers) MpU]Lucifer: lol
(08:22 / Observers) MpU]Lucifer: >.<
(08:32 / Observers) prchmnky4lf: i havent lost to tinker in a long time
(08:35 / Observers) prchmnky4lf: when did we play
(08:38 / Observers) InfernalCry: luci got naga ^^
(08:39 / Observers) InfernalCry: on bnet
(08:41 / Observers) prchmnky4lf: when
(08:45 / Observers) InfernalCry: i was on stfu_L_pwn
(08:52 / Observers) MpU]Lucifer: ?
(08:55 / Observers) prchmnky4lf: a while ago?
(08:55 / Observers) InfernalCry: i dunno like a month ago
(09:04 / Observers) MpU]Lucifer: the tower push
(09:05 / Observers) MpU]Lucifer: OWNED
(09:10 / Observers) prchmnky4lf: >.>
(09:18 / Observers) prchmnky4lf: i just got b ack from iraq a month ago
(09:22 / Observers) prchmnky4lf: i havent been playing
(09:39 / Observers) prchmnky4lf: demand rematch!!
(09:45 / Observers) InfernalCry: lol
(09:47 / Observers) InfernalCry: never!
(09:48 / Observers) MpU]Lucifer: way to right click a hero k-game
(09:59 / Observers) InfernalCry: t.t pot
(10:23 / Observers) prchmnky4lf: idle peaon noob
(10:25 / Observers) prchmnky4lf: =]
(10:47 / Observers) MpU]Lucifer: god damn
(10:51 / Observers) MpU]Lucifer: look at the range on those towers
(10:51 / Observers) MpU]Lucifer: x.x
(10:56 / Observers) snarker: 80 range
(10:57 / Observers) InfernalCry: imba
(11:05 / Observers) InfernalCry: i can't tower orc as easily
(11:07 / Observers) lamps: i find topwer rushes to be cheap
(11:13 / Observers) InfernalCry: tinker solves sometimes
(11:25 / Observers) InfernalCry: i d/c so much i need to win fast
(11:36 / Observers) InfernalCry: pot
(12:13 / Observers) InfernalCry: kill rax gg
(12:30 / Observers) prchmnky4lf: lvl 1 heros. .
(12:35 / Observers) prchmnky4lf: kill shop
(12:43 / Observers) InfernalCry: lvl 2 fl
(13:07 / Observers) InfernalCry: ensnare seige
(13:14 / Observers) MpU]Lucifer: kill demo plz?
(13:15 / Observers) MpU]Lucifer: =_=
(13:42 / Observers) prchmnky4lf: leave protection of towrs. .
(13:49 / Observers) MpU]Lucifer: lmao
(13:52 / Observers) prchmnky4lf: aim shop plz
(13:53 / Observers) noobshuntaa: nice
(13:59 / Observers) e(d: more towers
(14:04 / Observers) MpU]Lucifer: lvl 1 fs
(14:05 / Observers) MpU]Lucifer: and winning
(14:06 / Observers) MpU]Lucifer: xD
(14:14 / Observers) prchmnky4lf: jkj dont kill shop
(14:17 / Observers) prchmnky4lf: o.o
(14:34 / Observers) InfernalCry: gg
(15:01 / Observers) InfernalCry: dead
(15:05 / Observers) InfernalCry: i lied
(15:26 / Observers) e(d: lvl 4 bm loseing
(15:28 / Observers) e(d: how the hell
(15:30 / Observers) e(d: that happen
(15:39 / Observers) prchmnky4lf: lol
(15:43 / Observers) InfernalCry: he also has lvl 4 bm (bad manner o0)
(15:43 / All) K-Game.Phoenix.: ur good
(15:44 / All) K-Game.Phoenix.: well played
(15:45 / Observers) prchmnky4lf: towe
(15:46 / All) K-Game.Phoenix.: pro